 Dungeon Crawl Stone Soup version 0.14.0-26-g1682e81 (webtiles) character file.

2011 Heini the Cleaver (level 9, 0/79 HPs)
             Began as a Hill Orc Fighter on Apr 26, 2014.
             Was a Follower of Okawaru.
             Killed from afar by Gravenous' ghost (10 damage)
             ... with a sting
             ... on Level 7 of the Dungeon.
             The game lasted 00:16:41 (5262 turns).

Heini the Cleaver (Hill Orc Fighter)                Turns: 5262, Time: 00:16:43

HP   0/79        AC 19     Str 22      XL: 9   Next:  3%
MP   8/9         EV  7     Int  8      God: Okawaru [*.....]
Gold 305         SH  0     Dex 10      Spells:  0 memorised,  8 levels left

rFire  . . .     SeeInvis .     a - +0 war axe
rCold  . . .     Clarity  .     p - +2 chain mail
rNeg   . . .     Conserve .     c - +0 shield
rPois  .         rCorr    .     (no helmet)
rElec  .         rRot     .     (no cloak)
SustAb . .       Spirit   .     x - +2 pair of gloves
rMut   .         Warding  .     t - +0 pair of boots
Saprov + . .     Stasis   .     (no amulet)
MR     .....                    (no ring)
                                (no ring)

@: confused, lethally poisoned, heroism, not resistant to hostile enchantments,
extremely unstealthy
A: saprovore 1
a: Heroism, Renounce Religion


You were on level 7 of the Dungeon.
You worshipped Okawaru.
Okawaru was aware of your devotion.
You were not hungry.

You visited 2 branches of the dungeon, and saw 8 of its levels.

You collected 305 gold pieces.

Inventory:

Hand weapons
 a - a +0,+0 war axe (weapon)
Armour
 c - a +0 shield (worn)
 p - a +2 chain mail (worn)
 t - a +0 pair of boots (worn)
 w - a +0 plate armour
 x - a +2 pair of gloves (worn)
Comestibles
 d - 3 meat rations
 i - a bread ration
 u - 3 pears
 G - a snozzcumber
 I - a sausage
 J - a chunk of rat flesh
 K - 4 chunks of orc flesh
Scrolls
 b - a scroll of fear {unknown}
 f - 5 scrolls of identify
 l - a scroll of immolation {unknown}
 m - a scroll of random uselessness {unknown}
 n - 3 scrolls of amnesia {unknown}
 o - a scroll of enchant armour {unknown}
 q - 3 scrolls of teleportation
 s - a scroll of enchant weapon II {unknown}
 A - a scroll of remove curse {unknown}
 E - a scroll of blinking {unknown}
Jewellery
 r - an uncursed amulet of rage
 v - an uncursed amulet of conservation {unknown}
 y - a cursed ring of teleportation {unknown}
Potions
 e - 5 potions of might
 h - a potion of restore abilities {unknown}
 j - 3 potions of brilliance {unknown}
 k - 2 potions of porridge
 z - a potion of magic {unknown}
 C - a potion of paralysis {unknown}
 D - a potion of heal wounds {unknown}
 H - a potion of confusion {unknown}
Books
 B - a book of Maledictions

   Spells                             Type                      Level
   Corona                             Hexes                        1
   Sure Blade                         Hexes/Charms                 2
   Ensorcelled Hibernation            Hexes/Ice                    2
   Confuse                            Hexes                        3
   Enslavement                        Hexes                        4
   Invisibility                       Hexes                        6


   Skills:
 * Level 7.2(12.2) Fighting
 * Level 9.8(14.8) Axes
 * Level 8.0(13.0) Armour
 - Level 3.5(8.5) Shields


You had 8 spell levels left.
You didn't know any spells.

Dungeon Overview and Level Annotations

Branches:
Dungeon (7/15)             Temple (1/1) D:4

Altars:
Ashenzari
Cheibriados
Dithmenos
Elyvilon
Fedhas
Kikubaaqudgha
Makhleb
Nemelex Xobeh
Okawaru
Sif Muna
Trog
Vehumet
Xom
Yredelemnul
Zin

Shops:
D:7 =

Annotations:
D:7 Gravenous' ghost, experienced OpVM


Innate Abilities, Weirdness & Mutations

You can tolerate rotten meat.


Message History

You are more confused.
Gravenous' ghost completely misses you.
Ouch! You are engulfed in noxious fumes.
* * * LOW HITPOINT WARNING * * *
Gravenous' ghost gestures at you while chanting.
The sting hits you!
You are poisoned.
You are engulfed in noxious fumes.
You choke on the stench!
You are more confused.
* * * LOW HITPOINT WARNING * * *
You feel sick.
Gravenous' ghost points at you and mumbles some strange words.
The ball explodes into a vile cloud!
The stinking cloud engulfs you!
You are engulfed in noxious fumes.
You choke on the stench!
You are more confused.
* * * LOW HITPOINT WARNING * * *
Gravenous' ghost points at you and mumbles some strange words.
The sting hits you!
You are more poisoned.
You die...

#..........#
###.######.#
#.# #.# #.#
#.# . #.#
#.# #§# #§#
#@# #p# #B#
#≈#
######.###
#........#
#.......<#
#)...>.(.#
#........#


You could see a goliath beetle and Gravenous' ghost.

Vanquished Creatures
  2 necrophages (D:5)
  A sky beast (D:7)
  2 ice beasts (D:5)
  A phantom (D:5)
  2 ogres
  A centaur (D:5)
  2 giant frogs (D:6)
  A scorpion (D:5)
  4 wights (D:6)
  4 hounds
  An orc wizard (D:5)
  2 iguanas
  3 worker ants (D:4)
  Ijyb (D:3)
  4 gnolls (D:6)
  7 adders
  2 giant mites
  4 worms
  2 orc zombies
  6 giant geckos
  6 orcs
  A ball python (D:3)
  5 giant cockroaches
  14 hobgoblins
  9 jackals
  16 kobolds
  An ooze (D:1)
  A quokka (D:2)
  7 bats
  5 giant newts
  7 goblins
  A goblin skeleton (D:4)
  A jackal zombie (D:5)
  16 rats
142 creatures vanquished.

Notes
Turn   | Place    | Note
--------------------------------------------------------------
     0 | D:1      | Heini, the Hill Orc Fighter, began the quest for the Orb.
     0 | D:1      | Reached XP level 1. HP: 19/19 MP: 1/1
    58 | D:1      | Reached XP level 2. HP: 22/27 MP: 2/2
   413 | D:2      | Reached XP level 3. HP: 26/33 MP: 3/3
   480 | D:2      | Reached skill level 4 in Fighting
   821 | D:2      | Reached XP level 4. HP: 37/40 MP: 4/4
  1205 | D:3      | Noticed Ijyb
  1221 | D:3      | Killed Ijyb
  1649 | D:3      | Reached XP level 5. HP: 43/47 MP: 5/5
  2433 | D:4      | Found a shattered altar of Ashenzari.
  2460 | D:4      | Reached skill level 5 in Axes
  2475 | D:4      | Reached skill level 5 in Armour
  2477 | D:4      | Reached XP level 6. HP: 25/55 MP: 6/6
  2707 | D:4      | Found a blossoming altar of Fedhas.
  2708 | D:4      | Found an ancient bone altar of Kikubaaqudgha.
  2732 | D:4      | Reached skill level 5 in Fighting
  3155 | D:4      | Found a staircase to the Ecumenical Temple.
  3200 | D:5      | Entered Level 5 of the Dungeon
  3256 | D:5      | Reached skill level 6 in Axes
  3257 | D:5      | Reached XP level 7. HP: 42/61 MP: 7/7
  3798 | Temple   | Entered the Ecumenical Temple
  3877 | Temple   | Became a worshipper of Warmaster Okawaru
  4010 | D:5      | Reached skill level 7 in Axes
  4077 | D:5      | Noticed a necrophage
  4084 | D:5      | Killed a necrophage
  4084 | D:5      | Reached XP level 8. HP: 68/70 MP: 8/8
  4107 | D:5      | Reached skill level 8 in Axes
  4154 | D:5      | Noticed a necrophage
  4170 | D:5      | Killed a necrophage
  4172 | D:5      | Acquired Okawaru's first power
  4722 | D:6      | Reached skill level 9 in Axes
  5095 | D:7      | Found Iceulur's Jewellery Boutique.
  5203 | D:7      | Noticed Gravenous' ghost (experienced OpVM)
  5221 | D:7      | Reached XP level 9. HP: 76/79 MP: 9/9
  5262 | D:7      | Killed from afar by Gravenous' ghost

Action                   |  1- 3 |  4- 6 |  7- 9 || total
-------------------------+-------+-------+-------++-------
Melee: War axe           |    95 |   264 |   260 ||   619
Invok: Heroism           |       |       |     1 ||     1
  Use: Scroll            |     2 |       |       ||     2
       Potion            |       |     1 |     1 ||     2
